 Dungeon Crawl Stone Soup version 0.29.0-11-gd7f09526c8 (webtiles) character file.

Game seed: 4796566859149438376

28 iguanaiguana the Insei (level 3, -1/27 HPs)
             Began as a Djinni Transmuter on Sept 4, 2022.
             Killed from afar by a dart slug (2 damage)
             ... with a slug dart
             ... on level 2 of the Dungeon.
             The game lasted 00:03:32 (452 turns).

iguanaiguana the Insei (Djinni Transmuter)           Turns: 452, Time: 00:03:33

Health: -1/27      AC:  2    Str:  9    XL:     3   Next: 30%
Gold:   14         EV: 12    Int: 16    God:
                   SH:  0    Dex: 13

rFire   + + .      SeeInvis .     - Unarmed
rCold   x . .      Faith    .   (no shield)
rNeg    . . .      Spirit   .   a - +0 robe
rPois   ∞          Reflect  .   (no helmet)
rElec   .          Harm     .   (no cloak)
rCorr   .          Rampage  .   (no gloves)
Will    .....                   (boots unavailable)
Stlth   +.........              (no amulet)
HPRegen 0.09/turn               (no ring)
MPRegen 0.00/turn               (no ring)

@: flying
A: sickness immunity, fire resistance 2, cold vulnerability 1, float, innate
caster, HP casting, extra vitality 1
a: no special abilities


You were on level 2 of the Dungeon.
You visited 1 branch of the dungeon, and saw 2 of its levels.

You collected 14 gold pieces.

Inventory:

Armour
 a - a +0 robe (worn)


   Skills:
 - Level 1.0 Fighting
 - Level 2.1 Dodging
 - Level 3.0 Unarmed Combat
 + Level 2.7 Spellcasting


You couldn't memorise any spells.
You knew the following spells:

 Your Spells              Type           Power      Damage    Failure   Level
a - Beastly Appendage     Tmut           20%        N/A       6%          1
b - Wereblood             Tmut           10%        N/A       10%         2
c - Spider Form           Tmut/Pois      10%        N/A       19%         3
d - Ice Form              Ice/Tmut       10%        N/A       54%         4
e - Magic Dart            Conj           40%        1d5       6%          1
Your spell library was empty.

Dungeon Overview and Level Annotations

Branches:
Dungeon (2/15) Zot: 11550

Altars:
Xom

Shops:
D:2 (


Innate Abilities, Weirdness & Mutations

You are immune to sickness and miasma.
You are immune to poison.
Your flesh is very heat resistant. (rF++)
You are vulnerable to cold. (rC-)
You float through the air rather than walking.
You learn spells naturally, not from books.
Your magical power is your life essence.
You have superior vitality. (+4 MHP)


Message History

Okay, then.
Adjust (i)tems, (s)pells, or (a)bilities?
Adjust which spell?
Okay, then.
Casting: Beastly Appendage (safe; 6% risk of failure)
Confirm with . or Enter, or press ? or * to list all spells.
Aiming: Magic Dart (safe; 6% risk of failure)
Press: ? - help, Shift-Dir - straight line, f - dart slug
Aim: a dart slug (100% to hit)
The magic dart hits the dart slug.
The dart slug is moderately wounded.
* * * LOW HITPOINT WARNING * * *
The dart slug launches a dart at you. The slug dart hits you.
* * * LOW HITPOINT WARNING * * *
Casting: Magic Dart (safe; 6% risk of failure)
Confirm with . or Enter, or press ? or * to list all spells.
Aiming: Magic Dart (safe; 6% risk of failure)
Press: ? - help, Shift-Dir - straight line, f/p - dart slug
Aim: a dart slug (moderately wounded, 100% to hit)
The magic dart hits the dart slug.
The dart slug is severely wounded.
* * * LOW HITPOINT WARNING * * *
The dart slug launches a dart at you. The slug dart hits you.
* * * LOW HITPOINT WARNING * * *
Casting: Magic Dart (safe; 6% risk of failure)
Confirm with . or Enter, or press ? or * to list all spells.
You don't have enough health to cast this spell.
Unknown command.
You aren't carrying any potions.
You aren't carrying any items that you can evoke.
As you read the scroll labelled RUNIAD KENACH, it crumbles to dust.
You feel a surge of unholy energy.
It was a scroll of torment.
As you read the scroll labelled PILOAB ETEI, it crumbles to dust.
It is a scroll of identify.
You don't have any unidentified items.
The dart slug launches a dart at you. The slug dart hits you.
You die...

..........#
##........#
##........##########
.......####...##...##
#####.....).........##
# ##.##...>........# #
#.##............#
######.##.......†....#
........#...w..@...##
........##...##...##
...........########
..........##
..........#
....>....## ....)....#
..$....?.# .(..#


You could see a dart slug.

Vanquished Creatures
  An adder (D:2)
  A bat (D:2)
  3 endoplasms
  A giant cockroach (D:2)
  2 hobgoblins (D:2)
  3 jackals (D:2)
  A frilled lizard (D:2)
  A goblin (D:1)
  2 kobolds (D:2)
  4 rats (D:2)
19 creatures vanquished.

Notes
Turn   | Place    | Note
-------+----------+-------------------------------------------
     0 | D:1      | iguanaiguana the Djinni Transmuter began the quest for the
                  | Orb.
     0 | D:1      | iguanaiguana set off with the following spells memorised:
                  | Beastly Appendage, Wereblood, Spider Form, Ice Form.
     0 | D:1      | Reached XP level 1. HP: 17/17 MP: 0/0
    67 | D:2      | Reached XP level 2. HP: 14/22 MP: 0/0
   198 | D:2      | Found a shimmering altar of Xom.
   202 | D:2      | Found Kecukh's Weapon Emporium.
   325 | D:2      | Reached XP level 3. HP: 6/27 MP: 0/0
   325 | D:2      | Learned a level 1 spell: Magic Dart
   450 | D:2      | HP: 1/27 [dart slug/slug dart (5)]
   452 | D:2      | Killed from afar by a dart slug

Illustrated notes

Levels and vault maps discovered:
D:1:      minmay_arrival_jagged, layout_basic,
          hellmonk_ecumenical_altar_dog_temple
D:2:      layout_rooms, basic_altar, serial_shops, shop,
          kennysheep_generic_room_15

Skill      XL: |  1 |
---------------+----+-----
Spellcasting   | 2 |  2.7
Fighting       | |  1.0
Dodging        | |  2.1
Unarmed Combat | |  3.0

Action                   || total
-------------------------++-------
Melee: Unarmed           ||    50
       Headbutt          ||     6
       Punch             ||     2
 Cast: Beastly Appendage ||     8
       Wereblood         ||     2
       Magic Dart        ||     2
  Use: Potion            ||     1
       Scroll            ||     2
Armor: Skin              ||    21
       Robe              ||    11
Dodge: Dodged            ||    32
